 Dungeon Crawl Stone Soup version 0.24.0-28-g17ded55e90 (webtiles) character file.

Game seed: 10595765221657694949, levelgen mode: deterministic

13017 Arum the Carver (level 12, -3/79 HPs)
             Began as a Tengu Gladiator on Nov 11, 2019.
             Was a High Priest of Okawaru.
             Slain by Jorgrun
             ... wielding an uncursed staff of earth
              (8 damage)
             ... while petrified by Jorgrun
             ... on level 13 of the Dungeon.
             The game lasted 00:21:05 (15489 turns).

Arum the Carver (Tengu Gladiator)                  Turns: 15489, Time: 00:21:06

Health: -3/79      AC:  6    Str: 14    XL:     12   Next: 1%
Magic:  16/16      EV:  2    Int: 11    God:    Okawaru [*****.]
Gold:   704        SH:  0    Dex: 19    Spells: 11/11 levels left

rFire    . . .     SeeInvis .   M - +8 whip "Snakebite" {curare, rPois}
rCold    + . .     Gourm    .   (no shield)
rNeg     + + +     Faith    .   H - +3 ring mail {rPois}
rPois    ∞         Spirit   .   c - +0 hat
rElec    .         Reflect  .   F - +0 cloak
rCorr    .         Harm     .   (no gloves)
MR       .....                  (boots unavailable)
Stlth    +.........             (no amulet)
HPRegen  0.23/turn              B - ring of protection from cold
MPRegen  0.15/turn              (no ring)

@: petrified, corroded, flying quickly and evasively, quick
A: beak, talons 3, able to fly
a: Stop Flying, Heroism, Finesse, Renounce Religion


You were on level 13 of the Dungeon.
You worshipped Okawaru.
Okawaru was extremely pleased with you.
You were hungry.

You visited 2 branches of the dungeon, and saw 14 of its levels.

You collected 704 gold pieces.

Inventory:

Hand Weapons
 a - a +1 long sword
 M - the +8 whip "Snakebite" (weapon) {curare, rPois}
   (Okawaru gifted it to you on level 11 of the Dungeon)

   It poisons the flesh of those it strikes.
   It protects you from poison.
 P - a +4 great sword of freezing
Missiles
 d - 5 throwing nets
 w - 7 boomerangs of dispersal
 y - 36 poisoned darts (quivered)
 G - 8 silver javelins
 I - 5 javelins
Armour
 c - a +0 hat (worn)
 F - a +0 cloak (worn)
 H - a +3 ring mail of poison resistance (worn)
Jewellery
 B - a ring of protection from cold (left hand)
Wands
 b - a wand of enslavement (8)
 t - a wand of disintegration (1)
 v - a wand of iceblast (4)
 x - a wand of flame (7)
 A - a wand of acid (20)
 L - a wand of paralysis (11)
Scrolls
 e - 2 scrolls of enchant armour
 g - 9 scrolls of remove curse
 h - a scroll of magic mapping
 n - a scroll of fog {unknown}
 r - 4 scrolls of teleportation
 s - 2 scrolls of amnesia
 C - a scroll of blinking
 E - 2 scrolls of identify
 J - a scroll of enchant weapon
Potions
 i - 4 potions of brilliance
 j - 8 potions of curing
 k - 5 potions of heal wounds
 l - a potion of mutation
 m - a potion of berserk rage
 o - a potion of resistance
 p - 2 potions of degeneration {unknown}
 q - 2 potions of might
 u - 3 potions of haste
 z - a potion of flight {unknown}
 D - a potion of agility {unknown}
 K - a potion of magic {unknown}
 Q - a potion of cancellation {unknown}
Miscellaneous
 N - a lightning rod (4/4)
Comestibles
 f - 21 rations


   Skills:
 + Level 10.7 Fighting
 - Level 11.2 Long Blades
 + Level 4.7 Maces & Flails
 - Level 2.0 Throwing
 - Level 5.0 Armour
 - Level 10.4 Dodging
 + Level 4.6 Invocations


You had 11 spell levels left.
You didn't know any spells.
Your spell library contained the following spells:

 Spells                   Type           Power        Failure   Level  Hunger
 Corona                   Hex            #......      56%         1    ##.....
 Magic Dart               Conj           #...         56%         1    ##.....
 Sting                    Conj/Pois      #...         56%         1    ##.....
 Blink                    Tloc           N/A          71%         2    ###....
 Call Imp                 Summ           #.......     71%         2    ###....
 Ensorcelled Hibernation  Hex/Ice        #.....       71%         2    ###....
 Poisonous Vapours        Pois/Air       #.....       71%         2    ###....
 Slow                     Hex            #.......     71%         2    ###....
 Confuse                  Hex            #.......     90%         3    ####...
 Conjure Flame            Conj/Fire      #.......     90%         3    ####...
 Dazzling Spray           Conj/Hex       #.....       90%         3    ####...
 Mephitic Cloud           Conj/Pois/Air  #.......     90%         3    ####...
 Tukima's Dance           Hex            #.......     90%         3    ####...
 Olgreb's Toxic Radiance  Pois           #.......     100%        4    #####..
 Venom Bolt               Conj/Pois      #.........   100%        5    ######.
 Freezing Cloud           Conj/Ice/Air   #.........   100%        6    #######
 Ring of Flames           Chrm/Fire      #.........   100%        7    #######


Dungeon Overview and Level Annotations

Branches:
Dungeon (13/15)            Temple (1/1) D:4            Lair (0/6) D:8
    Orc (0/2) D:9
 Vaults: D:13-14

Altars:
Ashenzari
Cheibriados
Dithmenos
Elyvilon
Fedhas
Gozag
Hepliaklqana
Kikubaaqudgha
Makhleb
Nemelex Xobeh
Okawaru
Qazlal
Ru
Sif Muna
Trog
Uskayaw
Vehumet
Wu Jian
Xom
Yredelemnul
Zin
The Shining One

Shops:
D:5 %   D:11 (

Annotations:
D:10 1 runed translucent door
D:13 Jorgrun


Innate Abilities, Weirdness & Mutations

You have a beak for a mouth.
You have claws for feet.
You can fly continuously.


Message History

Jorgrun crushes you!
* * * LOW HITPOINT WARNING * * *
The jelly hits you.
* * * LOW HITPOINT WARNING * * *
You are splashed with acid!
* * * LOW HITPOINT WARNING * * *
Jorgrun hits you with an uncursed staff of earth.
* * * LOW HITPOINT WARNING * * *
Jorgrun crushes you! The jelly hits you.
You are splashed with acid.
* * * LOW HITPOINT WARNING * * *
Jorgrun hits you but does no damage. The jelly hits you but does no damage.
Jorgrun hits you with an uncursed staff of earth.
* * * LOW HITPOINT WARNING * * *
Jorgrun crushes you!
* * * LOW HITPOINT WARNING * * *
The jelly hits you but does no damage.
Jorgrun hits you with an uncursed staff of earth!
You die...

##....#.............#
#....#.............#
#....#.............#
#....#.............#
#....#.............#
#....#.............#
#....#.............#
#....#######.......#
......J@.[.#
.......g...#
...........#
..../......#
..........(#
...........#
...........#
...........#


You could see Jorgrun and a jelly.

Vanquished Creatures
  A two-headed ogre (D:11)
  A centaur warrior (D:12)
  2 unseen horrors (D:12)
  A cyclops (D:11)
  2 ugly things
  3 kobold demonologists (D:11)
  Grum (D:9)
  A hornet (D:9)
  2 hippogriffs
  A wraith (D:10)
  A spriggan (D:7)
  A wyvern (D:8)
  4 yaks (D:9)
  2 basilisks
  A water moccasin (D:11)
  3 orc warriors
  2 sky beasts
  A black bear (D:11)
  2 phantoms (D:11)
  A necrophage (D:7)
  2 wolves (D:9)
  7 ogres
  6 centaurs
  2 big kobolds (D:11)
  2 crocodiles (D:8)
  6 bullfrogs
  A gnoll sergeant (D:7)
  5 scorpions
  3 wyvern skeletons
  10 killer bees
  8 wights
  3 howler monkeys
  4 crimson imps
  A bullfrog zombie (D:7)
  2 centaur zombies
  6 hounds
  7 orc priests
  3 jellies
  5 bullfrog skeletons
  3 centaur skeletons
  3 iguanas
  12 orc wizards
  17 worker ants
  2 hound zombies
  16 gnolls
  11 adders
  A shadow imp (D:6)
  3 oozes
  8 worms
  3 dart slugs
  3 leopard geckos
  48 orcs
  A ball python (D:1)
  6 giant cockroaches
  7 goblins
  9 hobgoblins
  10 jackals
  6 kobolds
  3 quokkas
  6 bats
  2 frilled lizards
  A jackal zombie (D:7)
  A leopard gecko zombie (D:5)
  10 rats
308 creatures vanquished.

Vanquished Creatures (collateral kills)
  A centaur (D:12)
1 creature vanquished.

Vanquished Creatures (others)
  A swamp drake (D:8)
  A wolf (D:9)
2 creatures vanquished.

Grand Total: 311 creatures vanquished

Notes
Turn   | Place    | Note
-------+----------+-------------------------------------------
     0 | D:1      | Arum the Tengu Gladiator began the quest for the Orb.
     0 | D:1      | Reached XP level 1. HP: 12/12 MP: 2/2
   102 | D:1      | Reached XP level 2. HP: 17/17 MP: 3/3
   278 | D:1      | Reached XP level 3. HP: 22/22 MP: 4/4
  1008 | D:2      | Found a stormy altar of Qazlal.
  1151 | D:2      | Reached skill level 4 in Long Blades
  1163 | D:2      | Reached XP level 4. HP: 16/27 MP: 5/5
  1369 | D:2      | Found a radiant altar of Vehumet.
  1460 | D:2      | Noticed a moth of wrath
  1463 | D:2      | Found a bloodstained altar of Trog.
  1645 | D:2      | Found a shattered altar of Ashenzari.
  2201 | D:3      | Found a blossoming altar of Fedhas.
  2228 | D:3      | Gained mutation: You can fly continuously. [Tengu growth]
  2228 | D:3      | Reached XP level 5. HP: 32/32 MP: 6/6
  2853 | D:4      | Reached XP level 6. HP: 38/38 MP: 7/7
  2857 | D:4      | Reached skill level 5 in Long Blades
  2857 | D:4      | Reached skill level 5 in Dodging
  2987 | D:4      | Reached XP level 7. HP: 20/44 MP: 8/8
  3338 | D:4      | Found a staircase to the Ecumenical Temple.
  3347 | Temple   | Entered the Ecumenical Temple
  3399 | Temple   | Became a worshipper of Warmaster Okawaru
  3769 | D:5      | Entered Level 5 of the Dungeon
  4175 | D:5      | Reached skill level 6 in Long Blades
  4512 | D:5      | Found a shimmering blue altar of Sif Muna.
  4551 | D:5      | Reached skill level 5 in Fighting
  4559 | D:5      | Found Vyatton's Food Emporium.
  4878 | D:5      | Reached XP level 8. HP: 43/49 MP: 9/9
  4922 | D:5      | Reached * piety under Okawaru
  5006 | D:5      | Found a glowing golden altar of the Shining One.
  5489 | D:6      | Found a sacrificial altar of Ru.
  5498 | D:6      | Found a bloodstained altar of Trog.
  5609 | D:6      | Reached skill level 7 in Long Blades
  7029 | D:7      | Noticed a spriggan baker
  7042 | D:7      | Killed a spriggan baker
  7042 | D:7      | Reached ** piety under Okawaru
  7042 | D:7      | Reached XP level 9. HP: 21/56 MP: 10/10
  7285 | D:7      | Reached skill level 8 in Long Blades
  7917 | D:7      | Found a hazy altar of Hepliaklqana.
  8127 | D:7      | Reached *** piety under Okawaru
  9175 | D:8      | Reached skill level 9 in Long Blades
  9375 | D:8      | Found a glowing silver altar of Zin.
  9562 | D:8      | Found a staircase to the Lair.
  9584 | D:8      | Reached XP level 10. HP: 22/64 MP: 11/11
 10211 | D:9      | Noticed Grum
 10233 | D:9      | Killed Grum
 10233 | D:9      | Reached **** piety under Okawaru
 10716 | D:9      | Found a staircase to the Orcish Mines.
 10813 | D:9      | Found a shadowy altar of Dithmenos.
 10848 | D:9      | Reached skill level 10 in Long Blades
 10848 | D:9      | Reached skill level 10 in Dodging
 10958 | D:9      | Found a sparkling altar of Nemelex Xobeh.
 11688 | D:10     | Entered Level 10 of the Dungeon
 12370 | D:10     | Found a runed translucent door.
 12484 | D:10     | Noticed an orc knight
 12579 | D:11     | Reached skill level 1 in Armour
 12697 | D:11     | Reached ***** piety under Okawaru
 12697 | D:11     | Reached skill level 1 in Invocations
 12745 | D:11     | Received a gift from Okawaru
 12745 | D:11     | Reached XP level 11. HP: 47/71 MP: 10/13
 12985 | D:11     | Received a gift from Okawaru
 13028 | D:11     | Noticed a two-headed ogre
 13059 | D:11     | Killed a two-headed ogre
 13059 | D:11     | Reached skill level 11 in Long Blades
 13145 | D:11     | Reached skill level 10 in Fighting
 13270 | D:11     | Noticed a cyclops
 13294 | D:11     | Killed a cyclops
 13685 | D:11     | Found Jath's Weapon Shoppe.
 13727 | D:11     | Received a gift from Okawaru
 13728 | D:11     | Found the +8 whip "Snakebite" {curare, rPois}
 13800 | D:11     | Noticed a purple ugly thing
 13808 | D:11     | Killed a purple ugly thing
 13808 | D:11     | Reached skill level 1 in Maces & Flails
 13888 | D:11     | Noticed a sixfirhy
 14180 | D:12     | Killed an unseen horror
 14232 | D:12     | Noticed a centaur warrior
 14258 | D:12     | Killed a centaur warrior
 14420 | D:12     | Noticed a green ugly thing
 14435 | D:12     | Killed a green ugly thing
 14435 | D:12     | Reached skill level 5 in Armour
 15201 | D:12     | Killed an unseen horror
 15201 | D:12     | Reached XP level 12. HP: 69/79 MP: 16/16
 15473 | D:13     | Noticed Jorgrun
 15489 | D:13     | Slain by Jorgrun

Levels and vault maps discovered:
D:1:      dpeg_arrival_rooms_with_view, layout_rooms
D:2:      minmay_chambers_of_ones, layout_basic, nicolae_overflow_crystal_walls,
          lemuel_doored_altar, lemuel_crystal_altar, tgw_trog
D:3:      layout_loops_ring, nicolae_overflow_hidden_temple, grunt_ministairs_7
D:4:      layout_loops_cross, minmay_temple_entry_statues_pillars
D:5:      layout_loops_ring, led_sif_pool, first_ration, serial_shops,
          nicolae_shop_stone, nicolae_tso_swordbearing_angel
D:6:      layout_loops_corners, minitemple
D:7:      layout_basic, basic_altar, the_bakery
D:8:      layout_basic, kennysheep_mini, erik_lair_dragon, serial_bayou_pond_e
D:9:      minmay_razor_zed, layout_loops_ring, lemuel_round_altar, orc_0_dummy,
          nemelex_dance_club_becter, uniq_grum
D:10:     layout_irregular_city, lightli_church_of_beogh
D:11:     layout_grid_maze, serial_shops,
          nicolae_shop_temple_entry_statues_fountains
D:12:     layout_layer_cave
D:13:     layout_grid_maze, uniq_jorgrun
Temple:   cyrus_circular_temple

Skill      XL: |  1  2  3  4  5  6  7  8  9 10 11 |
---------------+----------------------------------+-----
Long Blades    | 4 5 6 7 9 10 11 | 11.2
Dodging        | 4 5 6 7 9 10 | 10.4
Fighting       | 3 4 5 6 8 9 10 | 10.7
Armour         | 2 5 |  5.0
Invocations    | 1 4 |  4.6
Maces & Flails | 4 |  4.7
Throwing       | |  2.0

Action                   |  1- 3 |  4- 6 |  7- 9 | 10-12 || total
-------------------------+-------+-------+-------+-------++-------
Melee: Long sword        |    48 |   112 |   374 |   379 ||   913
       Kick              |    11 |    49 |   158 |   215 ||   433
       Peck              |    10 |    21 |    95 |   118 ||   244
       Whip              |       |       |       |    80 ||    80
       Great sword       |       |       |       |     1 ||     1
Throw: Dart              |       |       |     8 |    13 ||    21
Invok: Heroism           |       |       |       |     1 ||     1
 Abil: Fly               |       |     1 |       |       ||     1
Evoke: Wand              |       |       |     5 |    11 ||    16
  Use: Potion            |       |       |     1 |       ||     1
       Scroll            |       |       |     7 |    11 ||    18
 Stab: Confused          |       |       |     1 |       ||     1
  Eat: Chunk             |       |     7 |    20 |    14 ||    41
       Ration            |       |       |       |     1 ||     1
Armor: Ring mail         |    12 |    21 |    53 |    99 ||   185
       Scale mail        |     4 |     4 |     5 |       ||    13
Dodge: Dodged            |    38 |    90 |   280 |   465 ||   873
       Rpst.: Long sword |     8 |    41 |    91 |    91 ||   231
